[Event "January 9 Early 2024"]
[Site "https://www.chess.com"]
[Date "2024.01.11"]
[Round "5"]
[White "Travkina, Anastasia"]
[Black "Tuncer, Tuna"]
[Result "0-1"]
[Board "37"]
[TimeControl "180+1"]
[WhiteFideId "24129151"]
[BlackFideId "6349269"]
[WhiteElo "2436"]
[BlackElo "2625"]
[WhiteTeam "RUS"]
[BlackTeam "TUR"]
[WhiteClock "0:00:56"]
[BlackClock "0:00:56"]

1. e4 g6 2. d4 Bg7 3. Nc3 d6 4. f4 a6 5. a4 Nc6 6. Be3 Nf6 7. d5 Nb4 8. Bc4 Ng4 9. Bd2 c6 10. a5 cxd5 11. Nxd5 Nxd5 12. Bxd5 O-O 13. h3 Nf6 14. Bc3 Nxd5 15. exd5 Bxc3+ 16. bxc3 e5 17. Ne2 Qh4+ 18. g3 Qe7 19. Kf2 Re8 20. Re1 Bxh3 21. Rb1 Qc7 22. Qd3 Bf5 23. Qd2 Qc5+ 24. Kg2 Be4+ 25. Kh2 Qf2+ 26. Kh3 Qg2+ 0-1

[Event "January 9 Early 2024"]
[Site "https://www.chess.com"]
[Date "2024.01.11"]
[Round "5"]
[White "Schnaider, Ilan"]
[Black "Narayanan S L"]
[Result "0-1"]
[Board "38"]
[TimeControl "180+1"]
[WhiteFideId "169013"]
[BlackFideId "5058422"]
[WhiteElo "2748"]
[BlackElo "3017"]
[WhiteTeam "ARG"]
[BlackTeam "IND"]
[WhiteClock "0:00:03"]
[BlackClock "0:02:21"]

1. e4 c5 2. Nf3 b6 3. Nc3 Bb7 4. d4 cxd4 5. Nxd4 a6 6. Be3 e6 7. a3 Nf6 8. f3 d6 9. Be2 Nbd7 10. O-O Be7 11. Qd2 O-O 12. Rad1 Rc8 13. Nb3 b5 14. a4 b4 15. Na2 d5 16. exd5 Nxd5 17. Bf2 Qc7 18. c3 bxc3 19. Nxc3 Nxc3 20. bxc3 Nc5 21. Nxc5 Bxc5 22. Qd7 Bxf2+ 23. Rxf2 g6 24. Bf1 a5 25. Bb5 Rfd8 26. Rfd2 Rxd7 27. Rxd7 Qb6+ 28. Kh1 Bd5 29. c4 Bxc4 30. Rc1 Qe3 31. Rdd1 Qa3 32. Rxc4 Rxc4 33. Bxc4 Qxa4 34. Be2 Qb3 35. Ra1 a4 36. Bd1 Qc3 37. Rxa4 Qe1# 0-1

[Event "January 9 Early 2024"]
[Site "https://www.chess.com"]
[Date "2024.01.11"]
[Round "5"]
[White "Rajdeep Sarkar"]
[Black "Viana, Valeria"]
[Result "1-0"]
[Board "39"]
[TimeControl "180+1"]
[WhiteFideId "25007963"]
[BlackFideId "8407100"]
[WhiteElo "2393"]
[BlackElo "2094"]
[WhiteTeam "IND"]
[BlackTeam "HON"]
[WhiteClock "0:01:38"]
[BlackClock "0:00:11"]

1. Nf3 d5 2. c4 c6 3. d4 Nf6 4. Nc3 e6 5. Bg5 dxc4 6. a4 Bb4 7. e3 b5 8. Qc2 h6 9. Bxf6 Qxf6 10. axb5 cxb5 11. Qe4 O-O 12. Qxa8 Nd7 13. Qxa7 e5 14. Be2 exd4 15. Qxd4 Qg6 16. O-O Bxc3 17. bxc3 Nf6 18. Ne5 Qf5 19. Rab1 Re8 20. Rxb5 Nd7 21. f4 f6 22. Bxc4+ Kh8 23. Nf7+ 1-0

[Event "January 9 Early 2024"]
[Site "https://www.chess.com"]
[Date "2024.01.11"]
[Round "5"]
[White "Agrest, Inna"]
[Black "Olenik Campa, Rudi"]
[Result "1-0"]
[Board "40"]
[TimeControl "180+1"]
[WhiteFideId "1708830"]
[BlackFideId "14633264"]
[WhiteElo "2384"]
[BlackElo "2553"]
[WhiteTeam "SWE"]
[BlackTeam "SLO"]
[WhiteClock "0:00:27"]
[BlackClock "0:01:15"]

1. e4 e6 2. d4 d5 3. Nc3 Nc6 4. Nf3 Nf6 5. Bd3 Nb4 6. Be2 dxe4 7. Ne5 Nbd5 8. O-O Be7 9. Re1 O-O 10. Bf1 Nxc3 11. bxc3 c5 12. h3 Qc7 13. Bg5 Rd8 14. Bxf6 Bxf6 15. Rxe4 b6 16. Re1 Bb7 17. Qg4 cxd4 18. cxd4 Rac8 19. Bd3 g6 20. Rad1 Qc3 21. Qf4 Kg7 22. Ng4 Qxd4 23. Qh6+ Kg8 24. Bxg6 1-0

[Event "January 9 Early 2024"]
[Site "https://www.chess.com"]
[Date "2024.01.11"]
[Round "5"]
[White "Marchesich, Giovanni"]
[Black "Mena, Martin"]
[Result "1-0"]
[Board "41"]
[TimeControl "180+1"]
[WhiteFideId "2824790"]
[BlackFideId "10651225"]
[WhiteElo "2375"]
[BlackElo "2086"]
[WhiteTeam "ITA"]
[BlackTeam "EGY"]
[WhiteClock "0:01:41"]
[BlackClock "0:00:07"]

1. d4 d5 2. Nc3 Nf6 3. Bf4 e6 4. e3 Bd6 5. Qf3 O-O 6. Bd3 b6 7. g4 Bxf4 8. exf4 Bb7 9. g5 Nfd7 10. Qh5 g6 11. Qh6 Nc6 12. Nf3 Ne7 13. h4 Nf5 14. Bxf5 exf5 15. h5 Re8+ 16. Kd2 Nf8 17. hxg6 fxg6 18. Ne5 Re6 19. Rae1 Qe7 20. Nd1 c5 21. c3 cxd4 22. cxd4 Qb4+ 23. Kc2 Rc8+ 24. Nc3 Qxd4 25. Kb1 Ba6 26. Rd1 Qxf4 27. Nd7 Rc7 28. Qxf8# 1-0

[Event "January 9 Early 2024"]
[Site "https://www.chess.com"]
[Date "2024.01.11"]
[Round "5"]
[White "So, Wesley"]
[Black "Galchenko, Matvey"]
[Result "1-0"]
[Board "42"]
[TimeControl "180+1"]
[WhiteFideId "5202213"]
[BlackFideId "24175480"]
[WhiteElo "3067"]
[BlackElo "2905"]
[WhiteTeam "USA"]
[BlackTeam "FID"]
[WhiteClock "0:01:23"]
[BlackClock "0:00:39"]

1. d4 Nf6 2. c4 c5 3. d5 e6 4. Nc3 exd5 5. cxd5 d6 6. e4 g6 7. Nge2 Bg7 8. Ng3 h5 9. Be2 a6 10. a4 Qe7 11. Bg5 h4 12. Nf1 Qe5 13. f4 Qd4 14. Nd2 h3 15. g3 Nh7 16. Bh4 c4 17. Nxc4 Qc5 18. a5 Nd7 19. Na4 Qb4+ 20. Qd2 Qxd2+ 21. Kxd2 O-O 22. Nxd6 g5 23. fxg5 Rb8 24. Bg4 Ne5 25. Bxc8 Rbxc8 26. Nxc8 Rxc8 27. Rac1 Re8 28. Nb6 Nf3+ 29. Ke3 Nhxg5 30. Bxg5 Nxg5 31. Rc8 Rxc8 32. Nxc8 Bxb2 33. Nd6 1-0

[Event "January 9 Early 2024"]
[Site "https://www.chess.com"]
[Date "2024.01.11"]
[Round "5"]
[White "Grischuk, Alexander"]
[Black "Shkapenko, Pavel"]
[Result "1-0"]
[Board "43"]
[TimeControl "180+1"]
[WhiteFideId "4126025"]
[BlackFideId "4151933"]
[WhiteElo "3062"]
[BlackElo "2758"]
[WhiteTeam "RUS"]
[BlackTeam "FID"]
[WhiteClock "0:00:50"]
[BlackClock "0:00:58"]

1. d4 d5 2. Nf3 c5 3. c4 e6 4. cxd5 exd5 5. Bg5 Nf6 6. Nc3 Be6 7. e3 Nc6 8. Bb5 Be7 9. dxc5 O-O 10. O-O Bxc5 11. Rc1 Be7 12. Nd4 Ne5 13. Qb3 Rc8 14. Rfd1 Ng6 15. Be2 Qd7 16. Qb5 Rfd8 17. Qxd7 Rxd7 18. Nxe6 fxe6 19. Nxd5 Rxc1 20. Nxe7+ Nxe7 21. Rxc1 Nc6 22. Bxf6 gxf6 23. Rd1 Rxd1+ 24. Bxd1 Kf8 25. Be2 Ke7 26. f4 h6 27. Kf2 Nb4 28. a3 Na6 29. Bxa6 1-0

[Event "January 9 Early 2024"]
[Site "https://www.chess.com"]
[Date "2024.01.11"]
[Round "5"]
[White "Ovezdurdyyeva, Jemal"]
[Black "Lund, Gunnar"]
[Result "0-1"]
[Board "44"]
[TimeControl "180+1"]
[WhiteFideId "14001888"]
[BlackFideId "1520814"]
[WhiteElo "2454"]
[BlackElo "2661"]
[WhiteTeam "TKM"]
[BlackTeam "NOR"]
[WhiteClock "0:00:46"]
[BlackClock "0:01:19"]

1. e4 e6 2. d4 d5 3. Nd2 Nf6 4. exd5 exd5 5. Ngf3 Bg4 6. Bd3 Bd6 7. O-O O-O 8. c4 c6 9. Qc2 h6 10. Ne5 Bxe5 11. dxe5 Nfd7 12. h3 Be6 13. f4 dxc4 14. Nxc4 Nc5 15. Bf5 Bxf5 16. Qxf5 Qd4+ 17. Ne3 Qd3 18. Qg4 Qg6 19. Qh4 Nbd7 20. Ng4 f5 21. Nf2 Ne6 22. Be3 Qf7 23. Rad1 Rfd8 24. Rd6 Nb6 25. Rfd1 Nd5 26. Rxd8+ Rxd8 27. Bxa7 Ra8 28. Bd4 Ndxf4 29. a3 Rd8 30. Kh2 Ng6 0-1

[Event "January 9 Early 2024"]
[Site "https://www.chess.com"]
[Date "2024.01.11"]
[Round "5"]
[White "Saha, Ananda"]
[Black "Rustamov, Rustam"]
[Result "0-1"]
[Board "45"]
[TimeControl "180+1"]
[WhiteFideId "2619644"]
[BlackFideId "13440110"]
[WhiteElo "2474"]
[BlackElo "2885"]
[WhiteTeam "CAN"]
[BlackTeam "AZE"]
[WhiteClock "0:00:09"]
[BlackClock "0:02:28"]

1. e4 c5 2. Nf3 d6 3. d4 cxd4 4. Qxd4 Nc6 5. Bb5 Bd7 6. Bxc6 Bxc6 7. c4 Nf6 8. Nc3 e6 9. O-O Be7 10. Rd1 O-O 11. h3 a6 12. Be3 b5 13. Rac1 bxc4 14. Qxc4 Bb7 15. e5 Nd5 16. Nxd5 Bxd5 17. Qc7 Rc8 18. Qxd8 Rfxd8 19. exd6 Bxd6 20. b3 Ba3 21. Rxc8 Rxc8 22. Nd4 f6 23. h4 Kf7 24. h5 g6 25. hxg6+ hxg6 26. f3 e5 27. Nb5 Bxb3 28. Rd7+ Ke6 29. Nxa3 Kxd7 30. axb3 Rc3 31. Kf2 Rxb3 32. Nc4 Ke6 33. g4 Rc3 34. Na5 f5 35. Nb7 Kd5 36. g5 f4 37. Bd2 Rd3 38. Ke2 Rb3 39. Na5 Rb5 40. Bc3 e4 41. fxe4+ Kxe4 42. Bd2 f3+ 43. Kf2 Rb2 44. Nc4 Rc2 45. Nd6+ Kd3 46. Kxf3 Rxd2 47. Nf7 Kd4 48. Kg4 Rg2+ 49. Kf3 Rg1 50. Kf2 Rb1 51. Kf3 a5 52. Nh8 Rb6 53. Kf4 a4 0-1

[Event "January 9 Early 2024"]
[Site "https://www.chess.com"]
[Date "2024.01.11"]
[Round "5"]
[White "Firouzja, Alireza"]
[Black "Kovalev, Vladislav"]
[Result "1-0"]
[Board "46"]
[TimeControl "180+1"]
[WhiteFideId "12573981"]
[BlackFideId "13504398"]
[WhiteElo "3135"]
[BlackElo "2909"]
[WhiteTeam "FRA"]
[BlackTeam "FID"]
[WhiteClock "0:01:42"]
[BlackClock "0:00:01"]

1. e4 e5 2. Nf3 Nc6 3. Bb5 a6 4. Ba4 Nf6 5. O-O Be7 6. d3 b5 7. Bb3 d6 8. c3 O-O 9. h3 Nb8 10. a4 Bb7 11. Na3 Nbd7 12. Bg5 c6 13. Ba2 h6 14. Be3 Qc7 15. Nh4 d5 16. Nf5 Bxa3 17. bxa3 Rfe8 18. f4 c5 19. Qf3 Re6 20. exd5 c4 21. Qg3 Nh5 22. Qh4 Bxd5 23. Qxh5 Nf6 24. Qh4 cxd3 25. fxe5 Qxe5 26. Bd4 Qe2 27. Bxd5 Nxd5 28. Rae1 1-0

[Event "January 9 Early 2024"]
[Site "https://www.chess.com"]
[Date "2024.01.11"]
[Round "5"]
[White "Alexanian, Nelli"]
[Black "Abrosimov, Vladimir"]
[Result "0-1"]
[Board "47"]
[TimeControl "180+1"]
[WhiteFideId "4170539"]
[BlackFideId "4166892"]
[WhiteElo "1938"]
[BlackElo "2188"]
[WhiteTeam "TUR"]
[BlackTeam "RUS"]
[WhiteClock "0:00:01"]
[BlackClock "0:01:48"]

1. d4 b5 2. e4 Bb7 3. d5 a6 4. Nc3 e6 5. Bf4 d6 6. dxe6 fxe6 7. Nf3 Nf6 8. Bd3 b4 9. Ne2 Nxe4 10. O-O Be7 11. c3 bxc3 12. bxc3 Nd7 13. Qb3 Bd5 14. c4 Bc6 15. Qc2 Ndc5 16. Ned4 Bb7 17. Nxe6 Nxe6 18. Bxe4 Bxe4 19. Qxe4 Nc5 20. Qe3 O-O 21. Nd4 Bf6 22. Rae1 Qd7 23. Ne6 Nxe6 24. Qxe6+ Qxe6 25. Rxe6 Rab8 0-1

[Event "January 9 Early 2024"]
[Site "https://www.chess.com"]
[Date "2024.01.11"]
[Round "5"]
[White "Santiago, Yago De Moura"]
[Black "Demin, Vladimir"]
[Result "1-0"]
[Board "48"]
[TimeControl "180+1"]
[WhiteFideId "2103877"]
[BlackFideId "4167457"]
[WhiteElo "2802"]
[BlackElo "2595"]
[WhiteTeam "BRA"]
[BlackTeam "RUS"]
[WhiteClock "0:01:32"]
[BlackClock "0:00:22"]

1. d4 Nf6 2. c4 e6 3. Nc3 Bb4 4. e3 O-O 5. Bd3 Re8 6. Ne2 d6 7. O-O e5 8. Qc2 Qe7 9. f3 c5 10. d5 Ba5 11. Kh1 a6 12. a4 h6 13. e4 Nbd7 14. Be3 Nf8 15. Rae1 Bd7 16. Bd2 N8h7 17. b3 Nh5 18. f4 exf4 19. Nxf4 Nxf4 20. Bxf4 Nf8 21. e5 Bc7 22. exd6 Qxe1 23. dxc7 Qh4 24. Ne4 Bf5 25. Bg3 Qg4 26. Nxc5 Bxd3 27. Qxd3 b6 28. Nb7 1-0

[Event "January 9 Early 2024"]
[Site "https://www.chess.com"]
[Date "2024.01.11"]
[Round "5"]
[White "Baziuk, Vladyslav"]
[Black "Matta, Nicholas"]
[Result "0-1"]
[Board "49"]
[TimeControl "180+1"]
[WhiteFideId "34107940"]
[BlackFideId "30914523"]
[WhiteElo "2695"]
[BlackElo "2572"]
[WhiteTeam "UKR"]
[BlackTeam "USA"]
[WhiteClock "0:00:31"]
[BlackClock "0:01:27"]

1. e4 c5 2. Nf3 Nf6 3. e5 Nd5 4. Nc3 e6 5. Nxd5 exd5 6. d4 Nc6 7. c3 d6 8. Bf4 dxe5 9. Nxe5 Bd6 10. Be2 O-O 11. O-O Qc7 12. Bf3 Be6 13. Re1 Rfe8 14. Bg3 Rad8 15. Nxc6 bxc6 16. dxc5 Bxg3 17. hxg3 Qa5 18. Qd4 Rb8 19. b4 Qa3 20. Reb1 a5 21. Rb3 Qa4 22. Bd1 Bf5 23. Bg4 Re4 24. Bxf5 Rxd4 25. cxd4 Rxb4 26. Re1 g6 27. Bd7 Rxb3 28. axb3 Qxd4 29. Bxc6 Qxc5 30. Ba8 Kg7 31. Rd1 d4 32. Be4 Qc3 33. Bd5 d3 34. Bc4 d2 35. Kf1 a4 36. Ke2 a3 37. Rxd2 Qxd2+ 38. Kxd2 a2 0-1

[Event "January 9 Early 2024"]
[Site "https://www.chess.com"]
[Date "2024.01.11"]
[Round "5"]
[White "Dubnevych, Maksym"]
[Black "Wafa, Hamed"]
[Result "0-1"]
[Board "50"]
[TimeControl "180+1"]
[WhiteFideId "14184001"]
[BlackFideId "10628452"]
[WhiteElo "2517"]
[BlackElo "2817"]
[WhiteTeam "UKR"]
[BlackTeam "EGY"]
[WhiteClock "0:00:19"]
[BlackClock "0:01:30"]

1. e4 c5 2. Nf3 a6 3. c4 Nc6 4. d4 cxd4 5. Nxd4 Nf6 6. Nc3 e5 7. Nc2 Bc5 8. Be2 d6 9. O-O O-O 10. a3 Be6 11. b4 Ba7 12. Be3 Bxe3 13. fxe3 Rc8 14. Bd3 Ne7 15. Nd5 Nexd5 16. exd5 Bg4 17. Qe1 Bh5 18. Rc1 Bg6 19. Bxg6 hxg6 20. Qe2 Qc7 21. Na1 a5 22. e4 axb4 23. axb4 Qb6+ 24. Kh1 Qxb4 25. Rf3 b5 26. c5 Rxc5 27. Rcf1 Qxe4 28. Qf2 Rxd5 29. Nc2 Rd3 30. Ne3 d5 31. h3 d4 32. Rxf6 dxe3 0-1

[Event "January 9 Early 2024"]
[Site "https://www.chess.com"]
[Date "2024.01.11"]
[Round "5"]
[White "Estrada Nieto, Julian"]
[Black "Bharadia Yash"]
[Result "1-0"]
[Board "51"]
[TimeControl "180+1"]
[WhiteFideId "5101018"]
[BlackFideId "45087822"]
[WhiteElo "2599"]
[BlackElo "2403"]
[WhiteTeam "ESP"]
[BlackTeam "IND"]
[WhiteClock "0:01:46"]
[BlackClock "0:00:23"]

1. e4 g6 2. d4 Bg7 3. Nf3 a6 4. a4 d6 5. Nc3 Bg4 6. Be2 Nd7 7. Be3 c5 8. d5 Bxc3+ 9. bxc3 Bxf3 10. Bxf3 Qa5 11. Qd2 Ne5 12. Be2 Nf6 13. f3 O-O 14. O-O Rfd8 15. Rfb1 Rab8 16. c4 Qc7 17. a5 b6 18. axb6 Rxb6 19. Rxb6 Qxb6 20. Qa5 Qxa5 21. Rxa5 Rb8 22. Rxa6 Rb1+ 23. Kf2 h5 24. Ra2 Nfd7 25. f4 Ng4+ 26. Bxg4 hxg4 27. Bd2 Nb6 28. Bc3 Nxc4 29. Ra8+ 1-0

[Event "January 9 Early 2024"]
[Site "https://www.chess.com"]
[Date "2024.01.11"]
[Round "5"]
[White "Daneshvar, Bardiya"]
[Black "Malek, Jan"]
[Result "1-0"]
[Board "52"]
[TimeControl "180+1"]
[WhiteFideId "12576468"]
[BlackFideId "21864080"]
[WhiteElo "2945"]
[BlackElo "2712"]
[WhiteTeam "IRI"]
[BlackTeam "POL"]
[WhiteClock "0:01:34"]
[BlackClock "0:00:17"]

1. b3 Nf6 2. Bb2 e6 3. g3 d5 4. Bg2 Bd6 5. Nf3 O-O 6. O-O c5 7. c4 d4 8. b4 Nc6 9. bxc5 Bxc5 10. d3 a5 11. Na3 e5 12. Nb5 Qe7 13. Nd2 Bd7 14. Nb3 Bb6 15. Ba3 Nb4 16. Bxb7 Rab8 17. Bg2 Bxb5 18. cxb5 Rfc8 19. Nd2 Bd8 20. Bxb4 Qxb4 21. a4 Nd7 22. Nc4 Qe7 23. Bh3 Rxc4 24. dxc4 Nc5 25. Bg2 Bb6 26. Bd5 Rd8 27. Kg2 Qf6 28. e4 g6 29. Ra3 Qe7 30. Rf3 Rf8 31. h4 h5 32. g4 Qxh4 33. gxh5 Qxh5 34. Rh1 Qg4+ 35. Rg3 Qxd1 36. Rxg6# 1-0

[Event "January 9 Early 2024"]
[Site "https://www.chess.com"]
[Date "2024.01.11"]
[Round "5"]
[White "Mikhailovsky, Vladimir"]
[Black "Baches Garcia, Guillermo"]
[Result "1-0"]
[Board "53"]
[TimeControl "180+1"]
[WhiteFideId "34105414"]
[BlackFideId "2209764"]
[WhiteElo "2836"]
[BlackElo "2518"]
[WhiteTeam "RUS"]
[BlackTeam "ESP"]
[WhiteClock "0:00:59"]
[BlackClock "0:01:21"]

1. e4 d5 2. exd5 Qxd5 3. Nc3 Qa5 4. b4 Qxb4 5. a4 Qd6 6. Ba3 Qd8 7. Bc4 Nf6 8. Nf3 e6 9. Bxf8 Kxf8 10. O-O g6 11. d4 Kg7 12. Re1 Nc6 13. a5 b6 14. a6 Na5 15. Bf1 c6 16. Ne5 Qc7 17. Qf3 Rd8 18. Rad1 Rb8 19. h4 b5 20. Ra1 Bd7 21. Ne4 Nxe4 22. Qxf7+ Kh8 23. Rxe4 Rf8 24. Qxd7 1-0

[Event "January 9 Early 2024"]
[Site "https://www.chess.com"]
[Date "2024.01.11"]
[Round "5"]
[White "Madaminov, Mukhiddin"]
[Black "Gutkin, Ilya"]
[Result "1-0"]
[Board "54"]
[TimeControl "180+1"]
[WhiteFideId "14210703"]
[BlackFideId "16203470"]
[WhiteElo "2847"]
[BlackElo "2349"]
[WhiteTeam "UZB"]
[BlackTeam "GER"]
[WhiteClock "0:01:37"]
[BlackClock "0:00:05"]

1. e4 e6 2. d4 d5 3. Nc3 Nf6 4. e5 Nfd7 5. f4 c5 6. Nf3 a6 7. Be3 Nc6 8. a3 b5 9. Bd3 Qb6 10. Bf2 cxd4 11. Ne2 b4 12. a4 Bc5 13. b3 a5 14. O-O f6 15. exf6 Nxf6 16. Kh1 O-O 17. Nexd4 Nxd4 18. Bxd4 Bxd4 19. Nxd4 Re8 20. Nf3 Ne4 21. Bxe4 dxe4 22. Ng5 Bb7 23. Qh5 h6 24. Qf7+ Kh8 25. Rad1 Bd5 26. Qg6 hxg5 27. Rxd5 Qa6 28. Rb5 Rab8 29. Qxg5 Rxb5 30. axb5 Qb6 31. Qh5+ 1-0

[Event "January 9 Early 2024"]
[Site "https://www.chess.com"]
[Date "2024.01.11"]
[Round "5"]
[White "Espinoza Villanueva, Rodrigo"]
[Black "Bartel, Mateusz"]
[Result "0-1"]
[Board "55"]
[TimeControl "180+1"]
[WhiteFideId "5140188"]
[BlackFideId "1112635"]
[WhiteElo "2604"]
[BlackElo "2822"]
[WhiteTeam "MEX"]
[BlackTeam "POL"]
[WhiteClock "0:00:13"]
[BlackClock "0:01:14"]

1. Nf3 d5 2. g3 Nc6 3. Bg2 e5 4. d3 Be6 5. O-O h6 6. e4 dxe4 7. dxe4 Qxd1 8. Rxd1 Nf6 9. Re1 Bc5 10. c3 Ng4 11. Be3 Nxe3 12. fxe3 a5 13. Kf2 O-O-O 14. Nbd2 g5 15. Ke2 f6 16. b3 h5 17. h4 gxh4 18. Nxh4 Rhg8 19. Nf1 a4 20. b4 Bb6 21. a3 Na7 22. Nf5 Nb5 23. Ne7+ Kb8 24. Nxg8 Nxc3+ 25. Kf3 Rxg8 26. Rac1 Nb5 27. Ra1 Rd8 28. Red1 Bg4+ 29. Kf2 Rxd1 0-1

[Event "January 9 Early 2024"]
[Site "https://www.chess.com"]
[Date "2024.01.11"]
[Round "5"]
[White "Kobalia, Mikhail"]
[Black "Boldoo, Erdenepurev"]
[Result "1-0"]
[Board "56"]
[TimeControl "180+1"]
[WhiteFideId "4119150"]
[BlackFideId "4901037"]
[WhiteElo "2760"]
[BlackElo "2553"]
[WhiteTeam "FID"]
[BlackTeam "MGL"]
[WhiteClock "0:00:55"]
[BlackClock "0:01:13"]

1. e4 c5 2. Nf3 d6 3. Bc4 Nf6 4. d3 e6 5. O-O Be7 6. a3 O-O 7. Nbd2 Nc6 8. Re1 d5 9. Ba2 b6 10. c3 Bb7 11. e5 Nd7 12. d4 a5 13. Bb1 Re8 14. Nf1 Nf8 15. Ng3 f6 16. Bf4 cxd4 17. cxd4 Ba6 18. exf6 Bxf6 19. Nh5 Rc8 20. Bc2 Qe7 21. Ba4 Qf7 22. Ne5 Nxe5 23. Bxe5 b5 24. Bxf6 gxf6 25. Bc2 f5 26. Nf4 Re7 27. Nd3 Ng6 28. Nc5 Bb7 29. b4 a4 30. Bd3 Bc6 31. Rc1 Qf6 32. Bf1 Kf7 33. Rc3 Rg8 34. Rh3 Rg7 35. Rhe3 f4 36. Rxe6 Rxe6 37. Rxe6 Qg5 38. Rxc6 Nh4 39. Rc7+ Kf6 40. Nd7+ Ke6 41. Nc5+ Kd6 42. Rxg7 Qxg7 43. Qe2 f3 44. Qe6+ Kc7 45. g3 1-0

[Event "January 9 Early 2024"]
[Site "https://www.chess.com"]
[Date "2024.01.11"]
[Round "5"]
[White "Plyasunov, Daniil"]
[Black "Matko, Ognjen"]
[Result "1-0"]
[Board "57"]
[TimeControl "180+1"]
[WhiteFideId "44133839"]
[BlackFideId "14509717"]
[WhiteElo "2739"]
[BlackElo "2509"]
[WhiteTeam "RUS"]
[BlackTeam "CRO"]
[WhiteClock "0:01:23"]
[BlackClock "0:00:11"]

1. e4 c5 2. Nf3 Nc6 3. Bb5 e6 4. O-O Nge7 5. c3 a6 6. Ba4 b5 7. Bc2 d5 8. d4 cxd4 9. Nxd4 Bb7 10. Nxc6 Bxc6 11. Nd2 Qc7 12. a4 Rd8 13. Qe2 d4 14. cxd4 Rxd4 15. Nf3 Rd8 16. Be3 Ng6 17. a5 Nf4 18. Bxf4 Qxf4 19. Rac1 Bd6 20. Bd3 Ba8 21. Bxb5+ axb5 22. Qxb5+ Ke7 23. e5 Bxf3 24. exd6+ Kf6 25. Rc4 Be4 26. Qb4 1-0

[Event "January 9 Early 2024"]
[Site "https://www.chess.com"]
[Date "2024.01.11"]
[Round "5"]
[White "Berezin, Viktor"]
[Black "Nigalidze, Gaioz"]
[Result "1-0"]
[Board "58"]
[TimeControl "180+1"]
[WhiteFideId "14107872"]
[BlackFideId "13603078"]
[WhiteElo "2508"]
[BlackElo "2657"]
[WhiteTeam "UKR"]
[BlackTeam "GEO"]
[WhiteClock "0:01:12"]
[BlackClock "0:00:09"]

1. d4 Nf6 2. Nf3 d5 3. c4 e6 4. g3 Bb4+ 5. Bd2 Be7 6. Bg2 O-O 7. Qc2 b6 8. O-O Bb7 9. Bf4 dxc4 10. Qxc4 Nd5 11. Nc3 Nxf4 12. gxf4 Bd6 13. e3 Nd7 14. Ne5 Bxg2 15. Kxg2 Bxe5 16. dxe5 Rc8 17. Rad1 Qe7 18. Qc6 Rfd8 19. Nb5 Nb8 20. Qb7 a6 21. Na7 Rxd1 22. Rxd1 Rd8 23. Nc8 Qe8 24. Rxd8 Qxd8 25. Qxb8 h5 26. Ne7+ 1-0

[Event "January 9 Early 2024"]
[Site "https://www.chess.com"]
[Date "2024.01.11"]
[Round "5"]
[White "Manon-og, Ramon Jr."]
[Black "Bazilius, Augustinas"]
[Result "1-0"]
[Board "59"]
[TimeControl "180+1"]
[WhiteFideId "5200776"]
[BlackFideId "12832251"]
[WhiteElo "2375"]
[BlackElo "2528"]
[WhiteTeam "PHI"]
[BlackTeam "LTU"]
[WhiteClock "0:01:06"]
[BlackClock "0:00:08"]

1. e4 c5 2. Nf3 e6 3. g3 Nc6 4. Bg2 d6 5. O-O e5 6. c3 Nf6 7. Re1 Be7 8. h3 O-O 9. d4 exd4 10. cxd4 cxd4 11. Nxd4 Nxd4 12. Qxd4 Qa5 13. Nc3 Be6 14. Bf4 Rfd8 15. Rad1 Rac8 16. Be3 b6 17. Bf4 Rc4 18. Qe3 Nh5 19. Nd5 Bxd5 20. exd5 Bf8 21. Bg5 f6 22. Qe6+ Kh8 23. Qf7 fxg5 24. Re8 Rcc8 25. Qxf8# 1-0

[Event "January 9 Early 2024"]
[Site "https://www.chess.com"]
[Date "2024.01.11"]
[Round "5"]
[White "Kiselev, Pavel"]
[Black "Smirnov, Timofey"]
[Result "1-0"]
[Board "60"]
[TimeControl "180+1"]
[WhiteFideId "4191102"]
[BlackFideId "24176427"]
[WhiteElo "2368"]
[BlackElo "2004"]
[WhiteTeam "RUS"]
[BlackTeam "RUS"]
[WhiteClock "0:01:48"]
[BlackClock "0:00:03"]

1. Nf3 d5 2. d4 Nf6 3. c4 c6 4. cxd5 cxd5 5. Nc3 Nc6 6. Bf4 Nh5 7. Bg5 h6 8. Bh4 a6 9. e3 Nf6 10. Bd3 e6 11. O-O Be7 12. h3 O-O 13. a3 b5 14. b4 Nb8 15. Ne5 Nbd7 16. Nc6 Qe8 17. Nxe7+ Qxe7 18. e4 dxe4 19. Nxe4 Bb7 20. Nc5 Nxc5 21. dxc5 Rfd8 22. Qe2 Qd7 23. Bxf6 Qxd3 24. Qg4 Qg6 25. Qxg6 fxg6 26. Bxd8 Rxd8 27. Rad1 Rd5 28. Rxd5 exd5 29. Re1 Kf7 30. f4 Kf6 31. Kf2 Kf5 32. Re7 Bc6 33. Rc7 Be8 34. c6 Ke4 35. Rc8 Kd3 36. Rxe8 1-0

[Event "January 9 Early 2024"]
[Site "https://www.chess.com"]
[Date "2024.01.11"]
[Round "5"]
[White "Shohat, Yotam"]
[Black "Yagupov, Igor"]
[Result "1-0"]
[Board "61"]
[TimeControl "180+1"]
[WhiteFideId "2813955"]
[BlackFideId "4113632"]
[WhiteElo "2440"]
[BlackElo "2637"]
[WhiteTeam "ISR"]
[BlackTeam "RUS"]
[WhiteClock "0:00:37"]
[BlackClock "0:00:43"]

1. e4 c5 2. Nf3 Nc6 3. Bb5 Nf6 4. Bxc6 dxc6 5. d3 Qc7 6. Nc3 e5 7. O-O Bd6 8. Nd2 b5 9. a4 Rb8 10. b3 a6 11. Bb2 Nd7 12. Ne2 O-O 13. Ng3 Re8 14. Nf5 Bf8 15. f4 g6 16. Qg4 f6 17. Nh4 Bg7 18. f5 Nf8 19. Qg3 Bh6 20. fxg6 Bxd2 21. gxh7+ Kxh7 22. Rxf6 Bf4 23. Qf3 Ne6 24. Qh5+ Kg7 25. Qg6+ Kh8 26. Qxe8+ Kh7 27. Rf7+ 1-0

[Event "January 9 Early 2024"]
[Site "https://www.chess.com"]
[Date "2024.01.11"]
[Round "5"]
[White "Ladan, Nicholas"]
[Black "Boyer, Mahel"]
[Result "0-1"]
[Board "62"]
[TimeControl "180+1"]
[WhiteFideId "30918855"]
[BlackFideId "45102422"]
[WhiteElo "2480"]
[BlackElo "2649"]
[WhiteTeam "USA"]
[BlackTeam "FRA"]
[WhiteClock "0:00:18"]
[BlackClock "0:01:01"]

1. d4 d6 2. Nf3 g6 3. e4 Bg7 4. Nc3 e5 5. Rg1 exd4 6. Nxd4 Nf6 7. f3 O-O 8. g4 Re8 9. Be2 d5 10. g5 dxe4 11. gxf6 Qxf6 12. Nxe4 Qxd4 13. Qxd4 Bxd4 14. Bh6 Bxb2 15. Rd1 Bf5 16. Kf2 Nc6 17. Bc4 Bxe4 18. fxe4 Bd4+ 19. Be3 Rxe4 20. Bxd4 Nxd4 21. c3 Nf5 22. Bd5 Rf4+ 23. Kg2 Re8 24. Bxb7 Ne3+ 25. Kg3 Rf6 26. Rd7 c6 27. Ba6 Re4 28. Rb1 Rg4+ 29. Kh3 Rf3# 0-1

[Event "January 9 Early 2024"]
[Site "https://www.chess.com"]
[Date "2024.01.11"]
[Round "5"]
[White "Zgadzaj, Rafal"]
[Black "Senft, Sean"]
[Result "1-0"]
[Board "63"]
[TimeControl "180+1"]
[WhiteFideId "1113712"]
[BlackFideId "2044960"]
[WhiteElo "2347"]
[BlackElo "2528"]
[WhiteTeam "POL"]
[BlackTeam "USA"]
[WhiteClock "0:01:05"]
[BlackClock "0:00:36"]

1. d4 d5 2. Nf3 c6 3. Bf4 Nf6 4. Be5 Bf5 5. Nbd2 e6 6. e3 Nbd7 7. Bd3 Bg6 8. O-O Be7 9. Qe2 O-O 10. c3 Nxe5 11. Nxe5 Bh5 12. g4 Bg6 13. Bxg6 hxg6 14. g5 Nd7 15. Nxd7 Qxd7 16. f4 f6 17. h4 Kf7 18. Kg2 Rh8 19. Rh1 Rh5 20. Qg4 Rah8 21. Nf3 Qc8 22. Rag1 R8h7 23. gxf6 gxf6 24. Kf2 Rg7 25. Rh2 Qh8 26. Ke2 b6 27. Kd3 c5 28. Kc2 Qc8 29. Rhg2 b5 30. Qxh5 gxh5 31. Rxg7+ Ke8 32. Rg8+ Bf8 33. R1g7 cxd4 34. Nxd4 e5 35. Nxb5 Qf5+ 36. Kc1 1-0